 Dungeon Crawl Stone Soup version 0.32-a0-433-g08bcfe7efd (webtiles) character file.

Game seed: 2072654616347897751

3265 retardedninja the Fighter (level 9, 0/81 HPs)
             Began as a Mountain Dwarf Fighter on Feb 22, 2024.
             Was a Priest of Cheibriados.
             Killed from afar by an electric eel (2 damage)
             ... with a bolt of electricity
             ... on level 8 of the Dungeon.
             The game lasted 00:13:43 (6634 turns).

retardedninja the Fighter (Mountain Dwarf Fighter)  Turns: 6634, Time: 00:13:44

Health: 0/81       AC: 18    Str: 29    XL:     9   Next: 68%
Magic:  9/9        EV:  9    Int: 26    God:    Cheibriados [***...]
Gold:   491        SH:  6    Dex: 15    Spells: 8/8 levels left

rFire   . . .        C - +10 mace "Utuung" {flame, Str+2 Int+3}
rCold   . . .        c - +0 buckler
rNeg    . . .        k - +0 chain mail
rPois   .            v - +0 helmet
rElec   .            l - +0 cloak
rCorr   .            n - +2 pair of gloves
SInv    .            m - +0 pair of boots
Will    +....        (no amulet) Stlth
                     r - ring of willpower
HPRegen 0.33/turn    w - +6 ring of intelligence
MPRegen 0.11/turn

%: no passive effects
@: lethally poisoned (0 -> -4), very slow
A: runic magic, artefact enchanting
a: Renounce Religion, Bend Time, Temporal Distortion


You were on level 8 of the Dungeon.
You worshipped Cheibriados.
Cheibriados was most pleased with you.
You visited 2 branches of the dungeon, and saw 9 of its levels.

You collected 491 gold pieces.

Inventory:

Hand Weapons
 b - the +10 hammer "Taciym" {freeze, rPois}
   (You found it on level 2 of the Dungeon)

   rPois:     It protects you from poison
 C - the +10 mace "Utuung" (weapon) {flame, Str+2 Int+3}
   (You found it on level 6 of the Dungeon)

   Str+2:     It affects your strength (+2).
   Int+3:     It affects your intelligence (+3).
Armour
 c - a +0 buckler (worn)
 k - a +0 chain mail (worn)
 l - a +0 cloak (worn)
 m - a +0 pair of boots (worn)
 n - a +2 pair of gloves (worn)
 v - a +0 helmet (worn)
Jewellery
 i - an amulet of magic regeneration
 r - a ring of willpower (left hand)
 w - a +6 ring of intelligence (right hand)
 y - a ring of ice
Wands
 a - a wand of quicksilver (16)
 B - a wand of paralysis (12)
 F - a wand of mindburst (15)
Scrolls
 e - a scroll of enchant armour {unknown}
 f - a scroll of enchant weapon {unknown}
 g - 2 scrolls of revelation
 j - a scroll of vulnerability {unknown}
 o - 2 scrolls of fog
 q - 4 scrolls of amnesia
 s - 2 scrolls of blinking {unknown}
 u - a scroll of noise
 E - a scroll of poison {unknown}
Potions
 d - a potion of haste
 h - 2 potions of lignification
 t - a potion of attraction
 x - a potion of degeneration
 z - 2 potions of enlightenment
 A - a potion of cancellation
 D - 2 potions of mutation


   Skills:
 + Level 8.2 Fighting
 - Level 3.5(6.0) Axes
 + Level 7.6(8.0) Maces & Flails
 + Level 8.2 Armour
 + Level 8.2 Shields


You had 8 spell levels left.
You didn't know any spells.
Your spell library contained the following spells:

 Spells                   Type           Power      Damage    Failure   Level
 Apportation              Tloc           0%         N/A       21%         1
 Magic Dart               Conj           0%         1d3       21%         1
 Sting                    Conj/Alch      0%         1d3       21%         1
 Blink                    Tloc           0%         N/A       30%         2
 Call Imp                 Summ           0%         N/A       30%         2
 Jinxbite                 Hex            0%         N/A       30%         2
 Mercury Vapours          Alch/Air       0%         N/A       30%         2
 Sublimation of Blood     Necr           0%         N/A       30%         2
 Olgreb's Toxic Radiance  Alch           0%         N/A       89%         4
 Alistair's Intoxication  Alch           0%         N/A       99%         5
 Summon Hydra             Summ           0%         N/A       100%        7
 Chain Lightning          Conj/Air       0%         N/A       100%        9
 Fire Storm               Conj/Fire      0%         5d1       100%        9
 Shatter                  Erth           0%         3d5*      100%        9


Dungeon Overview and Level Annotations

Branches:
Dungeon (8/15)             Temple (1/1) D:4
   Lair: D:8-11

Altars:
Ashenzari
Cheibriados
Dithmenos
Elyvilon
Fedhas
Gozag
Hepliaklqana
Kikubaaqudgha
Nemelex Xobeh
Okawaru
Qazlal
Ru
Sif Muna
Trog
Uskayaw
Vehumet
Wu Jian
Xom
Yredelemnul
Zin
The Shining One

Shops:
D:7 (


Innate Abilities, Weirdness & Mutations

Your spellcasting is much less encumbered by armour.
You can use scrolls of enchantment on lesser artefacts.


Message History

The killer bee barely misses you. The killer bee closely misses you.
The killer bee barely misses you.
You sock the killer bee! You burn the killer bee.
You kill the killer bee!
Cheibriados thoroughly appreciates the change of pace.
Your surroundings suddenly seem different.
A centaur, a steam dragon and a wight come into view.
Found 18 gold pieces.
You feel very sick.
The centaur shouts!
The centaur wields a +0 shortbow.
The centaur shoots an arrow.
You block the arrow.
A wight comes into view. It is wielding a +3 battleaxe.
As you read the scroll of fog, it dissolves into smoke.
You feel sick.
The centaur shoots an arrow.
The arrow closely misses you. The steam dragon breathes steam at you.
The ball of steam hits you.
* * * LOW HITPOINT WARNING * * *
The centaur shoots an arrow.
The arrow hits you but does no damage.
As you read the scroll of teleportation, it crumbles to dust.
You feel strangely unstable.
* * * LOW HITPOINT WARNING * * *
You feel very sick.
Found a scroll labelled UXEOCO XUSEGG.
* * * LOW HITPOINT WARNING * * *
You feel very sick.
Your surroundings suddenly seem different. 2 electric eels come into view.
You feel sick.
You feel sick.
The electric eel shoots out a bolt of lightning at you!
The bolt of electricity hits the plant!
The plant begins to die.
The bolt of electricity hits the plant!
The plant begins to die.
The bolt of electricity hits you.
* * * LOW HITPOINT WARNING * * *
The electric eel shoots out a bolt of lightning at you!
The bolt of electricity hits the plant!
The plant begins to die.
The bolt of electricity hits the plant!
The bolt of electricity hits you.
You die...
Cheibriados appreciates the motionlessness of death. ~P~~P~~ ~~~~~ ~~P~P SS~ PP~

# #♣♣P♣♣
#.#
#....#...#
#....#
##@###
#..# ###.
##


You could see 2 electric eels.

Vanquished Creatures
  4 yaks (D:8)
  A wraith (D:8)
  A steam dragon (D:6)
  A wyvern (D:8)
  Edmund (D:5)
  An ice beast (D:5)
  4 sky beasts
  2 black bears
  An ogre (D:7)
  A gnoll sergeant (D:5)
  4 scorpions
  2 killer bees (D:8)
  6 howler monkeys
  Crazy Yiuf (D:2)
  A bombardier beetle (D:6)
  4 hounds
  An orc priest (D:6)
  5 sleepcaps
  2 iguanas (D:4)
  Terence (D:3)
  3 orc wizards
  Natasha (thrice) (D:3)
  Robin (D:4)
  7 adders
  7 gnolls (D:5)
  2 white imps
  6 dart slugs
  3 ribbon worms
  12 orcs
  5 endoplasms
  2 giant cockroaches
  14 goblins
  8 hobgoblins
  11 kobolds
  2 quokkas (D:1)
  6 ball pythons
  8 bats
  3 frilled lizards
  8 rats
155 creatures vanquished.

Vanquished Creatures (others)
  An orc (D:5)
1 creature vanquished.

Grand Total: 156 creatures vanquished

Notes
Turn   | Place    | Note
-------+----------+-------------------------------------------
     0 | D:1      | retardedninja the Mountain Dwarf Fighter began the quest
                  | for the Orb.
     0 | D:1      | Reached XP level 1. HP: 19/19 MP: 1/1
   409 | D:1      | Reached XP level 2. HP: 26/26 MP: 2/2
   896 | D:2      | Reached XP level 3. HP: 30/31 MP: 3/3
  1702 | D:2      | Found a runed translucent door.
  1703 | D:2      | Noticed Crazy Yiuf
  1717 | D:2      | Killed Crazy Yiuf
  1718 | D:2      | Reached XP level 4. HP: 25/40 MP: 4/4
  1920 | D:2      | Identified the +10 hammer "Taciym" {freeze, rPois}
  1997 | D:3      | Noticed Natasha
  2005 | D:3      | Killed Natasha
  2074 | D:3      | Reached skill level 1 in Maces & Flails
  2074 | D:3      | Reached XP level 5. HP: 46/46 MP: 5/5
  2102 | D:3      | Noticed Natasha
  2106 | D:3      | Killed Natasha
  2150 | D:3      | Noticed Natasha
  2153 | D:3      | Killed Natasha
  2323 | D:3      | Noticed Terence
  2329 | D:3      | Killed Terence
  2499 | D:4      | Reached XP level 6. HP: 53/53 MP: 6/6
  2509 | D:4      | Found a staircase to the Ecumenical Temple.
  2521 | Temple   | Entered the Ecumenical Temple
  2538 | Temple   | Became a worshipper of Cheibriados the Contemplative
  2584 | D:4      | Identified the +6 scale mail of the Earth {Harm rElec Str-4
                  | Int+3}
  2907 | D:4      | Noticed Robin
  2926 | D:4      | Killed Robin
  2986 | D:4      | Reached skill level 5 in Fighting
  2986 | D:4      | Reached skill level 5 in Shields
  3060 | D:4      | Reached skill level 5 in Armour
  3261 | D:4      | Reached * piety under Cheibriados
  3318 | D:5      | Entered Level 5 of the Dungeon
  3318 | D:5      | Noticed Edmund
  3329 | D:5      | Killed Edmund
  3330 | D:5      | Reached XP level 7. HP: 41/61 MP: 7/7
  4162 | D:5      | Reached XP level 8. HP: 70/70 MP: 8/8
  4397 | D:5      | Reached skill level 5 in Maces & Flails
  4498 | D:6      | Reached ** piety under Cheibriados
  4797 | D:6      | Identified the +10 mace "Utuung" {flame, Str+2 Int+3}
  5394 | D:7      | Found Yci Nox's Weapon Boutique.
  5840 | D:7      | Found a sparkling altar of Nemelex Xobeh.
  5866 | D:7      | Reached XP level 9. HP: 79/79 MP: 9/9
  5875 | D:7      | Found a glowing silver altar of Zin.
  6322 | D:8      | Reached *** piety under Cheibriados
  6634 | D:8      | HP: 2/81 [electric eel/bolt of electricity (5)]
  6634 | D:8      | Killed from afar by an electric eel

Illustrated notes

Levels and vault maps discovered:
D:1:      matt_arrival_diagonals, layout_loops_corners
D:2:      layout_basic, nicolae_concentric_dashed_squares_mild,
          uniq_crazy_yiuf_cottage
D:3:      layout_rooms, uniq_terence, uniq_natasha
D:4:      layout_basic, minmay_temple_entry_antechambers, uniq_robin
D:5:      minmay_angry_zag, layout_loops_cross, uniq_edmund
D:6:      layout_cave_pools
D:7:      layout_basic, mainiacjoe_overflow_two_lobes, serial_curves,
          eino_curves_02, eino_curves_01, serial_shops, shop
D:8:      due_megacathedral, layout_layer_cave, serial_bayou_lake_a
Temple:   nicolae_temple_bog_church

Skill      XL: |  1  2  3  4  5  6  7  8  9 |
---------------+----------------------------+-----
Axes           | 3 |  3.5
Fighting       | 4 5 6 7 8 |  8.2
Armour         | 4 5 6 7 8 |  8.2
Shields        | 4 5 6 7 8 |  8.2
Maces & Flails | 1 2 3 4 6 7 |  7.6

Action                     |  1- 3 |  4- 6 |  7- 9 || total
---------------------------+-------+-------+-------++-------
  Melee: War axe           |   134 |       |       ||   134
         Mace              |       |   113 |   191 ||   304
  Evoke: Wand              |       |       |     3 ||     3
    Use: Potion            |     2 |       |       ||     2
         Scroll            |       |       |    14 ||    14
 Armour: Scale mail        |    87 |       |       ||    87
         Chain mail        |    15 |    94 |   229 ||   338
         Skin              |     2 |       |       ||     2
  Dodge: Dodged            |    56 |    37 |   105 ||   198
  Block: Buckler           |    36 |    19 |    65 ||   120

Table legend: (Time is in decaauts)
 A = Elapsed time spent in this place.
 B = Non-inter-level travel time spent in this place.
 C = Inter-level travel time spent in this place.
 D = Time resting spent in this place.
 E = Time spent auto-exploring this place.
 F = Levels seen in this place.
 G = Mean time per level.
                   A        B        C        D        E       F      G
               +--------+--------+--------+--------+--------+-----+--------+
         Total |   7982 |   7752 |    230 |    840 |   5650 |   9 |  886.9 |
       Dungeon |   7940 |   7749 |    191 |    840 |   5650 |   8 |  992.5 |
        Temple |     41 |      3 |     38 |      0 |      0 |   1 |   41.0 |
               +--------+--------+--------+--------+--------+-----+--------+

Top non-repeatable levels by time:
     D:7: 1463 daAuts
     D:5: 1339 daAuts
     D:2: 1115 daAuts
     D:4: 1042 daAuts
     D:6: 956 daAuts
     D:1: 908 daAuts
     D:8: 621 daAuts
     D:3: 493 daAuts
  Temple: 41 daAuts
